 Dungeon Crawl Stone Soup version 0.30-a0-34-gbe8da3892a (webtiles) character file.

Game seed: 17335994507826112105

6 flotson the Sneak (level 1, 0/18 HPs)
             Began as a Demonspawn Delver on Aug 27, 2022.
             Succumbed to a water moccasin's poison
             ... in a sewer.
             The game lasted 00:00:32 (210 turns).

flotson the Sneak (Demonspawn Delver)                Turns: 210, Time: 00:00:33

Health: 0/18       AC:  3    Str: 12    XL:     1   Next: 75%
Magic:  1/1        EV: 11    Int: 11    God:
Gold:   0          SH:  0    Dex: 14    Spells: 0/0 levels left

rFire   . . .      SeeInvis .    a - +0 hand axe
rCold   . . .      Faith    .    (no shield)
rNeg    . . .      Spirit   .    b - +0 leather armour
rPois   .          Reflect  .    (no helmet)
rElec   .          Harm     .    (no cloak)
rCorr   .          Rampage  .    (no gloves)
Will    .....                    (no boots)
Stlth   ++........               (no amulet)
HPRegen 0.06/turn                (no ring)
MPRegen 0.07/turn                (no ring)

@: lethally poisoned (0 -> -8), hasted, very quick
A: no striking features
a: no special abilities


You were in a sewer.
You visited 1 branch of the dungeon, and saw 1 of its levels.
You also visited: Sewer.

Inventory:

Hand Weapons
 a - a +0 hand axe (weapon)
Armour
 b - a +0 leather armour (worn)
Wands
 g - a wand of digging (3)
Scrolls
 c - a scroll of fog
 d - a scroll of magic mapping


   Skills:
 + Level 3.0 Fighting
 + Level 1.9 Axes
 + Level 0.3 Armour
 + Level 1.9 Dodging
 - Level 4.5 Stealth
 + Level 0.3 Evocations


You couldn't memorise any spells.
You didn't know any spells.
Your spell library was empty.

Dungeon Overview and Level Annotations

Branches:
Dungeon (5/15)              Sewer (1/1)
 Temple: D:4-7

Altars:


Message History

You hit the bat.
The bat is severely wounded.
The bat hits you. The bat hits you but does no damage.
You barely miss the bat.
The bat is severely wounded.
The bat barely misses you. The bat hits you.
You barely miss the bat.
The bat is severely wounded.
The bat hits you.
A water moccasin comes into view.
The bat closely misses you. The bat hits you but does no damage.
Found a diamond ring and 31 gold pieces.
The bat barely misses you.
You see here a potion of berserk rage.
You barely miss the bat.
The bat is severely wounded.
The bat closely misses you.
Found 71 gold pieces.
The bat closely misses you.
The water moccasin hisses angrily.
The bat closely misses you.
You hit the bat.
You kill the bat!
You hit the water moccasin. The water moccasin bites you.
You are lethally poisoned!
The water moccasin poisons you!
You are too injured to fight recklessly!
You are too injured to fight recklessly!
You are too injured to fight recklessly!
Unknown command.
You feel yourself speed up.
You feel very sick. The water moccasin bites you.
* * * LOW HITPOINT WARNING * * *
The water moccasin bites you.
* * * LOW HITPOINT WARNING * * *
Unknown command.
As you read the scroll of fear, it crumbles to dust.
You assume a fearsome visage.
The water moccasin looks frightened!
You die...

##...## ##.## #.#
#.# #.# ###### #.#
##.....## #.#
#......$#
######.####.S...$$#
∩.........!.@....=$#
############.....$$#
#......$# ##.....##
######


You could see a water moccasin (fleeing).

Vanquished Creatures
  5 bats (Sewer)
5 creatures vanquished.

Notes
Turn   | Place    | Note
-------+----------+-------------------------------------------
     0 | D:5      | flotson the Demonspawn Delver began the quest for the Orb.
     0 | D:5      | Reached XP level 1. HP: 18/18 MP: 1/1
     2 | D:5      | Found a glowing drain.
     3 | D:5      | Noticed an orc wizard
     4 | D:5      | Noticed an orc wizard
     8 | D:5      | Noticed a howler monkey
    11 | Sewer    | Entered a sewer
   202 | Sewer    | Noticed a water moccasin
   210 | Sewer    | Succumbed to a water moccasin's poison

Illustrated notes

Levels and vault maps discovered:
D:5:      layout_rooms, cheibrodos_sewer_entry_sluice, lightli_minifort
Sewer:    sewer_big_baddie

Action                   || total
-------------------------++-------
Melee: Hand axe          ||    20
  Use: Scroll            ||     1
       Potion            ||     1
Armor: Leather armour    ||    12
Dodge: Dodged            ||    28

Table legend: (Time is in decaauts)
 A = Elapsed time spent in this place.
 B = Non-inter-level travel time spent in this place.
 C = Inter-level travel time spent in this place.
 D = Time resting spent in this place.
 E = Time spent auto-exploring this place.
 F = Levels seen in this place.
 G = Mean time per level.
                   A        B        C        D        E       F      G
               +--------+--------+--------+--------+--------+-----+--------+
         Total |    215 |    215 |      0 |      0 |    167 |   2 |  107.5 |
       Dungeon |     12 |     12 |      0 |      0 |      0 |   1 |   12.0 |
         Sewer |    202 |    202 |      0 |      0 |    167 |   1 |  202.0 |
               +--------+--------+--------+--------+--------+-----+--------+

Top non-repeatable levels by time:
   Sewer: 202 daAuts
     D:5: 12 daAuts
